 Dungeon Crawl Stone Soup version 0.22.0-27-ga576289 (webtiles) character file.

113 Monsterracer the Chopper (level 4, -2/42 HPs)
             Began as a Naga Gladiator on Aug 22, 2018.
             Was an Initiate of Trog.
             Slain by a worker ant (3 damage)
             ... on level 4 of the Dungeon.
             The game lasted 00:05:15 (3045 turns).

Monsterracer the Chopper (Naga Gladiator)           Turns: 3045, Time: 00:05:16

Health: -2/42      AC:  4    Str: 17    XL:     4   Next: 96%
Magic:  4/4        EV:  9    Int:  9    God:    Trog [......]
Gold:   122        SH:  0    Dex: 12    Spells: 3/3 levels left

rFire    . . .     SeeInvis +   a - +0 war axe
rCold    . . .     Gourm    .   (no shield)
rNeg     . . .     Faith    .   o - +0 ring mail
rPois    +         Spirit   .   r - +0 helmet
rElec    .         Reflect  .   (no cloak)
rCorr    .         Harm     .   (no gloves)
MR       .....                  (no barding)
Stlth    +.........             (no amulet)
HPRegen  0.14/turn              (no ring)
MPRegen  0.09/turn              (no ring)

@: lethally poisoned (-2 -> -12), short of breath, very slow
A: large, see invisible, deformed body, poison resistance, slowness 2, slow
metabolism 1, spit poison 1, AC +1
a: Spit Poison, Renounce Religion


You were on level 4 of the Dungeon.
You worshipped Trog.
Trog was noncommittal.
You were hungry.

You visited 1 branch of the dungeon, and saw 4 of its levels.

You collected 122 gold pieces.

Inventory:

Hand Weapons
 a - a +0 war axe (weapon)
Missiles
 d - 4 throwing nets (quivered)
Armour
 o - a +0 ring mail (worn)
 r - a +0 helmet (worn)
Scrolls
 b - a scroll of amnesia {unknown}
 e - 2 scrolls of teleportation {unknown}
 k - 3 scrolls of identify {unknown}
 n - 2 scrolls of fog {unknown}
 s - a scroll of enchant weapon {unknown}
Potions
 g - a potion of flight {unknown}
 h - a potion of curing {unknown}
 l - a potion of magic
 m - a potion of invisibility {unknown}
 p - a potion of agility {unknown}
 q - a potion of degeneration {unknown}
Comestibles
 c - 4 rations


   Skills:
 + Level 3.2 Fighting
 * Level 4.8 Axes
 - Level 1.7 Throwing
 - Level 2.4 Dodging


You had 3 spell levels left.
You didn't know any spells.
Your spell library was empty.

Dungeon Overview and Level Annotations

Branches:
Dungeon (4/15)
 Temple: D:4-7

Altars:
Trog
Xom


Innate Abilities, Weirdness & Mutations

You cannot wear boots.
Your serpentine skin is tough. (AC +1)
You have supernaturally acute eyesight. (SInv)
Armour fits poorly on your strangely shaped body.
Your system is resistant to poisons. (rPois)
You cover ground very slowly.
You have a slow metabolism.
You can spit poison.


Message History

An orc comes into view. It is wielding a falchion.
You hear a bark!
There are monsters nearby!
The orc hits you. The orc hits you but does no damage.
You take 2 damage, and have 40/42 hp.
You closely miss the orc wizard. You slash the orc!
You kill the orc!
Trog accepts your kill.
You slash the orc!
You kill the orc!
Trog accepts your kill.
A jackal comes into view.
The orc throws an exploding tomahawk.
The exploding tomahawk hits you.
The exploding tomahawk explodes!
The explosion of tomahawk fragments engulfs you!
The explosion of tomahawk fragments engulfs the orc wizard.
The orc wizard points at you and mumbles some strange words.
The puff of flame hits you!
The orc throws an exploding tomahawk.
The exploding tomahawk hits you.
* * * LOW HITPOINT WARNING * * *
The exploding tomahawk explodes!
The explosion of tomahawk fragments engulfs you!
The explosion of tomahawk fragments engulfs the orc wizard.
You hear a bark!
You take 20 damage, and have 20/42 hp.
MASSIVE DAMAGE!!
Okay, then.
You closely miss the orc wizard.
The orc wizard is lightly wounded.
The orc wizard hits you with a dagger.
* * * LOW HITPOINT WARNING * * *
The orc throws an exploding tomahawk.
The exploding tomahawk closely misses you.
The exploding tomahawk explodes!
The explosion of tomahawk fragments engulfs you!
The explosion of tomahawk fragments engulfs the orc wizard.
The orc wizard hits you with a dagger.
* * * LOW HITPOINT WARNING * * *
You hear a bark!
You take 7 damage, and have 13/42 hp.
You hit the orc.
The orc is heavily wounded.
You hit the orc wizard but do no damage.
The orc hits you with a falchion.
* * * LOW HITPOINT WARNING * * *
The orc wizard gestures at you while chanting.
The puff of flame hits you!
* * * LOW HITPOINT WARNING * * *
A jackal comes into view.
You take 10 damage, and have 3/42 hp.
MASSIVE DAMAGE!!
You feel much better. The orc hits you but does no damage.
The orc throws an exploding tomahawk.
The exploding tomahawk closely misses you.
The exploding tomahawk explodes!
The explosion of tomahawk fragments engulfs you!
The explosion of tomahawk fragments engulfs the orc.
The orc dies!
The explosion of tomahawk fragments engulfs the orc wizard.
The orc wizard barely misses you.
You hear an angry hiss.
You regained 26 hp, and now have 29/42 hp.
Unknown command.
You barely miss the orc wizard.
The orc wizard is moderately wounded.
The orc wizard hits you with a dagger.
You take 1 damage, and have 28/42 hp.
Your ring mail prevents you from hitting the orc.
You closely miss the orc wizard. The orc hits you but does no damage.
The orc wizard points at you and mumbles some strange words.
The magic dart hits you!
* * * LOW HITPOINT WARNING * * *
A worker ant comes into view.
The orc wizard points at you and mumbles some strange words.
The magic dart hits you!
* * * LOW HITPOINT WARNING * * *
You take 15 damage, and have 13/42 hp.
MASSIVE DAMAGE!!
The worker ant barely misses you. The orc closely misses you.
Press: ? - help, Shift-Dir - straight line, f - worker ant
Aim: a worker ant The splash of poison hits the worker ant.
The worker ant appears unharmed.
You feel slightly more hungry.
The worker ant bites you but does no damage.
The orc completely misses you. The worker ant bites you.
* * * LOW HITPOINT WARNING * * *
You are poisoned.
The worker ant poisons you!
You take 3 damage, and have 10/42 hp.
Unknown command.
You hit the worker ant.
The worker ant is lightly wounded.
You hit the orc.
You feel sick. The worker ant bites you.
* * * LOW HITPOINT WARNING * * *
You are more poisoned.
The worker ant poisons you! The orc hits you with a club.
* * * LOW HITPOINT WARNING * * *
You take 8 damage, and have 2/42 hp.
It was a potion of magic.
Magic courses through your body.
* * * LOW HITPOINT WARNING * * *
You feel sick. The jackal barely misses you. The worker ant bites you.
You die...
Xom guffaws!

#. #.. .# #..#
.# ..# .# # ##
#.## #.##.
#.###<# ....
#[#..# ..#
##..#a##).#
#.....@oo.#
#....##h##.##
........%.h...h
#....#####.####
##.. ... #.
##.# # #


You could see a worker ant, an orc wizard, an orc and a jackal.

Vanquished Creatures
  3 adders
  An ooze (D:2)
  A worm (D:3)
  2 dart slugs
  3 leopard geckos
  2 orcs (D:4)
  A ball python (D:1)
  4 giant cockroaches
  9 goblins
  9 hobgoblins
  8 kobolds
  A quokka (D:2)
  11 bats
  2 frilled lizards
  10 rats
67 creatures vanquished.

Vanquished Creatures (others)
  An orc (D:4)
1 creature vanquished.

Grand Total: 68 creatures vanquished

Notes
Turn   | Place    | Note
-------+----------+-------------------------------------------
     0 | D:1      | Monsterracer the Naga Gladiator began the quest for the Orb.
     0 | D:1      | Reached XP level 1. HP: 19/19 MP: 1/1
   286 | D:1      | Found an ancient bone altar of Kikubaaqudgha.
   288 | D:1      | Found a glowing silver altar of Zin.
   288 | D:1      | Found a shimmering altar of Xom.
   290 | D:1      | Found an ornate altar of the Wu Jian Council.
   290 | D:1      | Found an ancient bone altar of Kikubaaqudgha.
   290 | D:1      | Found a shadowy altar of Dithmenos.
   306 | D:1      | Became a worshipper of Xom of Chaos
   322 | D:1      | Reached XP level 2. HP: 26/26 MP: 2/2
   701 | D:1      | Reached XP level 3. HP: 33/33 MP: 3/3
   857 | D:1      | XOM: divination: detect creatures
   892 | D:1      | XOM: divination: magic mapping
  1130 | D:1      | XOM: harmless Tmut miscast
  1290 | D:2      | Reached skill level 4 in Axes
  1347 | D:2      | HP: 15/33 [quokka (2)]
  1414 | D:2      | XOM: noise
  1457 | D:2      | HP: 15/33 [adder (4)]
  1458 | D:2      | Reached XP level 4. HP: 18/40 MP: 4/4
  1462 | D:2      | HP: 16/40 [poisoned by an adder]
  1469 | D:2      | HP: 15/40 [poisoned by an adder]
  1475 | D:2      | XOM: divination: detect items
  1477 | D:2      | HP: 14/40 [poisoned by an adder]
  1647 | D:2      | XOM: noise
  1858 | D:2      | XOM is BORED!
  1858 | D:2      | XOM: medium Hex miscast
  1967 | D:3      | XOM: enchant monster (bad)
  2283 | D:3      | XOM: snakes to sticks
  2587 | D:3      | Found a bloodstained altar of Trog.
  2854 | D:3      | XOM: mild Tloc miscast
  2892 | D:3      | Fell from the grace of Xom
  2892 | D:3      | Became a worshipper of Trog the Wrathful
  3036 | D:4      | HP: 20/42 [orc/exploding tomahawk (5)]
  3038 | D:4      | HP: 3/42 [orc wizard/puff of flame (9)]
  3043 | D:4      | HP: 10/42 [worker ant (3)]
  3044 | D:4      | HP: 4/42 [worker ant (5)]
  3045 | D:4      | HP: 1/42 [poisoned by a worker ant]
  3045 | D:4      | Slain by a worker ant

Skill      XL: |  1  2  3  4 |
---------------+-------------+-----
Axes           | 4 |  4.8
Fighting       | 3 |  3.2
Throwing       | |  1.7
Dodging        | |  2.4

Action                   |  1- 3 |  4- 6 || total
-------------------------+-------+-------++-------
Melee: War axe           |   101 |    86 ||   187
 Abil: Spit Poison       |    17 |    10 ||    27
  Use: Potion            |       |     2 ||     2
  Eat: Chunk             |     2 |     4 ||     6
Armor: Leather armour    |    53 |       ||    53
       Ring mail         |     6 |    89 ||    95
Dodge: Dodged            |    80 |    83 ||   163

Vault maps used:
D:1:      sevenhm_arrival_forest_fort_small_3, minmay_misc_feat_roman,
          doesnt_xom_only_xom
D:3:      trog_book
D:4:      first_ration, serial_shops, nicolae_shop_statue_plus, uniq_pikel,
          uniq_sigmund, uniq_blork_the_orc
